 Dungeon Crawl Stone Soup version 0.22-b1-21-g5cfc168 (webtiles) character file.

91 Gorglomux the Skirmisher (level 4, -3/29 HPs)
             Began as a Gargoyle Skald on Aug 5, 2018.
             Slain by a gnoll
             ... wielding a +0 spear
              (5 damage)
             ... on level 2 of the Dungeon.
             The game lasted 00:01:33 (1807 turns).

Gorglomux the Skirmisher (Gargoyle Skald)           Turns: 1807, Time: 00:01:34

Health: -3/29      AC:  6    Str: 15    XL:     4   Next: 57%
Magic:  2/7        EV: 11    Int: 14    God:
Gold:   116        SH:  0    Dex:  9    Spells: 6/7 levels left

rFire    . . .     SeeInvis .   a - +0 hand axe
rCold    . . .     Gourm    .   (no shield)
rNeg     + . .     Faith    .   b - +0 leather armour
rPois    ∞         Spirit   .   (no helmet)
rElec    +         Reflect  .   (no cloak)
rCorr    .         Harm     .   (no gloves)
MR       .....                  (no boots)
Stlth    +.........             (no amulet)
HPRegen  0.09/turn              (no ring)
MPRegen  0.10/turn              (no ring)

@: infused (expiring)
A: negative energy resistance 1, electricity resistance, unbreathing,
petrification resistance, rot immunity, AC +3
a: no special abilities


You were on level 2 of the Dungeon.
You were not hungry.

You visited 1 branch of the dungeon, and saw 2 of its levels.

You collected 116 gold pieces.

Inventory:

Hand Weapons
 a - a +0 hand axe (weapon)
Armour
 b - a +0 leather armour (worn)
Jewellery
 q - a +2 ring of strength {unknown}
Scrolls
 e - 2 scrolls of remove curse {unknown}
 f - 2 scrolls of teleportation {unknown}
 i - 2 scrolls of fog {unknown}
Potions
 h - 2 potions of curing {unknown}
 j - a potion of haste {unknown}
 k - a potion of resistance {unknown}
 m - a potion of brilliance {unknown}
 n - a potion of heal wounds {unknown}
 o - a potion of agility {unknown}
Comestibles
 d - 4 rations


   Skills:
 + Level 3.9 Fighting
 + Level 3.2 Axes
 - Level 1.1 Armour
 - Level 1.5 Dodging
 - Level 2.0 Spellcasting
 - Level 2.6 Charms


You had 6 spell levels left.
You knew the following spells:

 Your Spells              Type           Power        Failure   Level  Hunger
a - Infusion              Chrm           #...         10%         1    ##.....

Your spell library contained the following spells:

 Spells                   Type           Power        Failure   Level  Hunger
 Regeneration             Chrm/Necr      #.........   45%         3    ####...
 Shroud of Golubria       Chrm/Tloc      #.........   26%         2    ###....
 Song of Slaying          Chrm           #.......     14%         2    ###....
 Spectral Weapon          Hex/Chrm       #.......     45%         3    ####...


Dungeon Overview and Level Annotations

Branches:
Dungeon (2/15)

Altars:


Innate Abilities, Weirdness & Mutations

You are resistant to torment.
Your stone body is resilient. (AC +3)
You are immune to poison.
You resist negative energy. (rN+)
You are resistant to electric shocks. (rElec)
You can survive without breathing.
You are immune to petrification.
You are immune to rotting.


Message History

You slice the gnoll like a ripe choko! The gnoll hits you but does no damage!
The gnoll hits you with a club!
Unknown command!
You closely miss the gnoll!
The gnoll is heavily wounded!
You slice the gnoll like a ripe choko! The gnoll hits you butt butts no butt!
The gnoll misses you!
You chop the gnoll into pieces!
The gnoll is severely wounded!
You barely miss the gnoll!
The gnoll hits you with a spear! * * * don't die
* * * The gnoll hits you with a club! * * * don't die
* * * The gnoll closely misses you!
You are too injured to fight recklessly!!!
The gnoll hits you with a spear! * * * butt't die
* * * Your magical infusion is running out!
The gnoll hits you from afar with a spear! rip

#.#..#####...# #. #.#..#
##### #. ######.#..# #.
.......#..# #.
....g.....# #.
#########.# #. # #.# #. #
#.############ #. #
#.......@g<.)###########.
#
##########g#.............
# #...###########. #####
#. #. #. #. #. .


You could see 2 gnolls.

Vanquished Creatures
  2 gnolls (D:2)
  2 adders (D:2)
  An ooze (D:1)
  2 worms (D:2)
  2 dart slugs
  6 bats
  3 giant cockroaches
  4 goblins
  4 hobgoblins
  3 jackals (D:1)
  A ball python (D:2)
  4 frilled lizards
  2 kobolds (D:1)
  2 rats
38 creatures vanquished.

Notes
Turn   | Place    | Note
-------+----------+-------------------------------------------
     0 | D:1      | Gorglomux the Gargoyle Skald began the quest for the Orb.
     0 | D:1      | Reached XP level 1. HP: 12/12 MP: 3/3
   114 | D:1      | Reached XP level 2. HP: 8/18 MP: 5/5
   414 | D:1      | Reached skill level 3 in Fighting
   495 | D:1      | Reached XP level 3. HP: 16/23 MP: 6/6
  1363 | D:2      | Reached skill level 3 in Axes
  1363 | D:2      | Reached XP level 4. HP: 27/29 MP: 1/7
  1807 | D:2      | Slain by a gnoll

Skill      XL: |  1  2  3 |
---------------+----------+-----
Axes           | 2 3 |  3.2
Fighting       | 3 |  3.9
Armour         | |  1.1
Dodging        | |  1.5
Spellcasting   | |  2.0
Charms         | |  2.6

Action                   |  1- 3 |  4- 6 || total
-------------------------+-------+-------++-------
Melee: Hand axe          |   162 |    28 ||   190
 Cast: Infusion          |     1 |     3 ||     4
  Eat: Chunk             |     2 |     1 ||     3
Armor: Leather armour    |    89 |    16 ||   105
Dodge: Dodged            |   123 |    27 ||   150
